AoeStats
← zephyrutia

Arena

509792591Analyzed
1v1 RM · 5d ago on Sep 28, 2026· 28m 19s· 2 players
Game mode
Random Map
Map size
Tiny (2 player)
Population
200
Speed
Normal
Resources
Standard
Victory
Conquest
Starting age
Dark Age
Ending age
Imperial Age
RankedLock teamsTeams togetherTeam positionsShared explorationLock speedFull tech treeHidden civsTurbo modeCheats
Victory
Defeat
🇨🇴 Franks · Colombia
960
+17
🇺🇸 Turks · United States
992
-17
cristianarturo201822
10:09 Feudal Age
11:26 Loom
13:50 Castle Age
11:44 Double-Bit Axe
17:39 Scale Barding Armor
19:41 Chain Barding Armor
20:50 Forging
23:03 Iron Casting
22:30 Gold Mining
zephyrutia
10:10 Feudal Age
11:17 Loom
14:49 Castle Age
14:20 Double-Bit Axe
23:03 Imperial Age
23:20 Padded Archer Armor
Connection lost

Rejoining the realm…

Still unreachable

The connection could not be restored.

Session expired

The server has moved on; the page needs a fresh start.